AoeStats
← Blyad _Mann

Arena

505220682Analyzed
4v4 RM · 24d ago on Sep 8, 2026· 37m 7s· 8 players
Game mode
Random Map
Map size
Large (8 player)
Population
200
Speed
Normal
Resources
Standard
Victory
Conquest
Starting age
Dark Age
Ending age
Imperial Age
RankedLock teamsTeams togetherTeam positionsShared explorationLock speedFull tech treeHidden civsTurbo modeCheats
Victory
Defeat
🇨🇳 Gurjaras · China
1311
+10
🇨🇳 Shu · China
1267
+11
🇨🇳 Bulgarians · China
1016
+22
🇨🇳 Mongols · China
1016
+21
🇳🇱 Jurchens · Netherlands
1223
-19
🇨🇳 Slavs · China
1171
-17
🇨🇳 Huns · China
1170
-17
🇳🇱 Teutons · Netherlands
1028
-11
NickJiang
10:35 Feudal Age
11:42 Double-Bit Axe
11:45 Horse Collar
15:27 Castle Age
17:03 Bow Saw
16:54 Heavy Plow
23:34 Wheelbarrow
24:08 Loom
28:38 Imperial Age
26:33 Detinets
26:45 Gold Mining
27:23 Scale Barding Armor
28:14 Hand Cart
28:36 Chain Barding Armor
29:39 Forging
30:09 Bloodlines
30:00 Husbandry
29:56 Elite Boyar
32:22 Plate Barding Armor
32:52 Cavalier
33:53 Pikeman
34:33 Squires
33:57 Light Cavalry
34:29 Elite Skirmisher
Blyad _Mann
0:29 Loom
12:40 Feudal Age
13:33 Double-Bit Axe
13:31 Horse Collar
16:50 Stone Mining
17:26 Fletching
17:46 Forging
17:36 Scale Mail Armor
17:51 Gold Mining
21:01 Castle Age
22:40 Bow Saw
22:33 Heavy Plow
24:01 Wheelbarrow
23:36 Squires
26:53 Pikeman
38:03 Imperial Age
37:01 Hand Cart
Joy&SalvationInChrist
9:51 Feudal Age
13:38 Castle Age
11:51 Double-Bit Axe
13:47 Horse Collar
14:32 Bow Saw
15:50 Bow Saw
20:54 Wheelbarrow
23:40 Scale Barding Armor
24:08 Bloodlines
24:05 Gold Mining
24:28 Husbandry
26:35 Forging
26:46 Chain Barding Armor
26:15 Loom
26:49 Hand Cart
29:15 Iron Casting
35:06 Imperial Age
34:17 Town Watch
35:25 Masonry
35:27 Fortified Wall
36:38 Plate Barding Armor
37:32 Blast Furnace
36:39 Elite Steppe Lancer
bluestorm
10:42 Feudal Age
14:28 Castle Age
12:22 Double-Bit Axe
13:09 Horse Collar
14:26 Wheelbarrow
14:46 Loom
15:39 Wheelbarrow
15:30 Bow Saw
17:35 Heavy Plow
23:19 Gold Mining
23:20 Stone Mining
25:22 Hand Cart
28:04 Imperial Age
25:46 Fletching
25:56 Padded Archer Armor
26:20 Ballistics
26:35 Hand Cart
27:07 Gold Shaft Mining
27:09 Bodkin Arrow
27:37 Thumb Ring
27:56 Padded Archer Armor
28:27 Bloodlines
28:17 Husbandry
27:56 Light Cavalry
29:12 Parthian Tactics
29:52 Chemistry
30:04 Two-Man Saw
29:38 Bracer
29:54 Leather Archer Armor
29:47 Heavy Cavalry Archer
31:14 Conscription
31:05 Scale Barding Armor
31:10 Forging
30:36 Elite Skirmisher
33:25 Chain Barding Armor
33:40 Iron Casting
33:22 Hussar
Yakamoon
8:39 Feudal Age
8:45 Man-at-Arms
11:35 Arson
11:41 Loom
12:22 Double-Bit Axe
13:36 Horse Collar
19:00 Castle Age
17:42 Stone Mining
17:51 Gold Mining
19:29 Wheelbarrow
19:57 Bow Saw
20:27 Stone Shaft Mining
20:34 Loom
21:50 Gold Shaft Mining
22:01 Fletching
24:33 Bodkin Arrow
26:39 Padded Archer Armor
29:45 Imperial Age
28:52 Ballistics
30:06 Bloodlines
29:57 Husbandry
32:23 Conscription
32:04 Elite Mangudai
33:48 Bracer
35:49 Hand Cart
38:02 Chemistry
JCUP
10:55 Feudal Age
11:54 Double-Bit Axe
14:48 Castle Age
12:55 Horse Collar
16:10 Bow Saw
20:02 Heavy Plow
22:03 Wheelbarrow
22:50 Loom
23:08 Gold Mining
24:57 Gold Shaft Mining
25:17 Scale Barding Armor
25:16 Scale Mail Armor
28:11 Imperial Age
26:00 Forging
26:03 Pikeman
27:36 Chain Mail Armor
27:26 Squires
28:13 Arson
28:15 Gambesons
28:16 Capped Ram
30:00 Ballistics
30:24 Stone Mining
30:50 Hand Cart
30:18 Halberdier
30:41 Heavy Scorpion
32:49 Chemistry
33:23 Siege Ram
35:56 Plate Mail Armor
36:02 Iron Casting
37:04 Siege Engineers
WinniethePooh
10:56 Feudal Age
14:39 Castle Age
13:21 Double-Bit Axe
13:17 Horse Collar
15:39 Bow Saw
15:31 Heavy Plow
24:59 Wheelbarrow
28:35 Imperial Age
25:58 Loom
26:35 Fletching
27:07 Ballistics
26:48 Gold Mining
26:51 Stone Mining
27:28 Hand Cart
28:22 Kshatriyas
28:22 Bodkin Arrow
28:37 Forging
28:53 Thumb Ring
29:26 Bloodlines
29:16 Husbandry
30:21 Chemistry
29:59 Bracer
30:35 Husbandry
30:37 Padded Archer Armor
30:18 Elite Elephant Archer
31:47 Leather Archer Armor
32:47 Gold Shaft Mining
32:51 Stone Shaft Mining
32:51 Crop Rotation
33:07 Scale Barding Armor
33:38 Iron Casting
32:29 Heavy Camel Rider
33:09 Light Cavalry
34:13 Chain Barding Armor
33:56 Hussar
35:25 Treadmill Crane
35:41 Murder Holes
35:56 Masonry
35:41 Murder Holes
36:34 Plate Barding Armor
36:20 Town Watch
36:49 Masonry
37:02 Conscription
37:18 Hoardings
36:33 Elite Shrivamsha Rider
Cat direction
10:03 Feudal Age
11:06 Double-Bit Axe
14:06 Castle Age
11:56 Horse Collar
14:52 Heavy Plow
15:04 Bow Saw
23:29 Wheelbarrow
23:43 Gold Mining
24:00 Stone Mining
25:27 Loom
28:25 Imperial Age
26:31 Hand Cart
27:03 Gold Shaft Mining
26:25 Town Watch
27:07 Fletching
27:17 Padded Archer Armor
27:41 Ballistics
27:32 Fortified Wall
27:08 Pikeman
27:48 Squires
27:33 Arson
27:51 Coiled Serpent Array
27:26 Crossbowman
28:11 Thumb Ring
28:35 Bodkin Arrow
28:55 Leather Archer Armor
28:34 Arbalester
29:35 Conscription
29:19 Bolt Magazine
28:53 Capped Ram
29:54 Bracer
30:25 Ring Archer Armor
29:55 Bracer
30:25 Ring Archer Armor
29:59 Siege Ram
32:21 Chemistry
31:28 Siege Engineers
32:03 Masonry
33:23 Two-Man Saw
34:40 Guilds
35:01 Coinage
37:03 Banking
36:50 Halberdier
Connection lost

Rejoining the realm…

Still unreachable

The connection could not be restored.

Session expired

The server has moved on; the page needs a fresh start.